 Dungeon Crawl Stone Soup version 0.31.0-1-g2c135a008e (webtiles) character file.

Game seed: 3384906108747679126

1862 qw the Shooter (level 9, -5/65 HPs)
             Began as a Djinni Hunter on Jan 24, 2024.
             Was a Believer of Okawaru.
             Slain by Duvessa
             ... wielding a +4 rapier of electrocution
              (8 damage)
             ... on level 6 of the Dungeon.
             The game lasted 00:00:25 (4389 turns).

qw the Shooter (Djinni Hunter)                      Turns: 4389, Time: 00:00:26

Health: -5/65      AC:  7    Str: 10    XL:     9   Next: 35%
Gold:   221        EV: 17    Int: 11    God:    Okawaru [**....] SH:  0 Dex: 21

rFire   + + .        a - +1 shortbow
rCold   x . .        (shield currently unavailable)
rNeg    . . .        r - +0 ring mail
rPois   inf          h - +0 helmet
rElec   .            d - +0 cloak
rCorr   .            (no gloves)
SInv    +            (boots unavailable)
Will    .....        q - amulet of faith
Stlth   +            m - ring of see invisible
HPRegen 0.30/turn    f - +5 ring of evasion
MPRegen 0.00/turn

%: faith, infuse magic (-6 HP)
@: about to teleport, flying
A: sickness immunity, fire resistance 2, cold vulnerability 1, float, innate
caster, HP casting, extra vitality 1
a: Renounce Religion, Heroism


You were on level 6 of the Dungeon.
You worshipped Okawaru.
Okawaru was pleased with you.
You visited 2 branches of the dungeon, and saw 7 of its levels.

You collected 317 gold pieces.
You spent 96 gold pieces at shops.


Innate Abilities, Weirdness & Mutations

You are immune to sickness and miasma.
You are immune to poison.
Your flesh is very heat resistant. (rF++)
You are vulnerable to cold. (rC-)
You float through the air rather than walking.
You learn spells naturally, not from books.
Your magical power is your life essence.
You have superior vitality. (+4 MHP)


   Skills:
 - Level 5.0 Fighting
 + Level 7.9 Ranged Weapons
 - Level 2.5 Armour
 - Level 4.3 Dodging
 - Level 0.7 Stealth
 - Level 4.0 Invocations


You knew the following spells:

 Your Spells              Type           Power      Damage    Failure   Level
a - Sting                 Conj/Alch      0%         1d3       65%         1
b - Blink                 Tloc           0%         N/A       78%         2
c - Mercury Vapours       Alch/Air       0%         N/A       78%         2
d - Hailstorm             Conj/Ice       0%         3d5       95%         3
Your spell library was empty.

Inventory:

Hand Weapons
 a - a +1 shortbow (weapon)
Armour
 d - a +0 cloak (worn)
 h - a +0 helmet (worn)
 r - a +0 ring mail (worn)
Jewellery
 f - a +5 ring of evasion (right hand)
 i - a ring of willpower
 m - a ring of see invisible (left hand)
 q - an amulet of faith (around neck)
Wands
 b - a wand of polymorph (8)
Scrolls
 c - 4 scrolls of identify
 k - a scroll of teleportation
Potions
 e - a potion of enlightenment
 g - a potion of curing
 l - 2 potions of might
 n - a potion of haste
 o - a potion of cancellation

Dungeon Overview and Level Annotations

Branches:
Dungeon (6/15)             Temple (1/1) D:4

Altars:
Ashenzari
Cheibriados
Dithmenos
Elyvilon
Fedhas
Gozag
Hepliaklqana
Nemelex Xobeh
Okawaru
Ru
Trog
Uskayaw
Xom
Zin
The Shining One

Shops:
D:3 !

Annotations:
D:6 Dowan, Duvessa


Message History

You shoot an arrow. The arrow closely misses Duvessa.
Dowan shouts!
You shoot an arrow. The arrow closely misses Duvessa.
Duvessa closely misses you.
You shoot an arrow.
The arrow hits Duvessa but does no damage.
Duvessa is heavily wounded.
Duvessa says, "My weaknesses are his strengths!"
Duvessa hits you with a +4 rapier of electrocution.
You shoot an arrow. The arrow hits Duvessa.
Duvessa is heavily wounded.
Duvessa hits you with a +4 rapier of electrocution.
You shoot an arrow. The arrow hits Duvessa.
Duvessa is severely wounded.
Duvessa hits you with a +4 rapier of electrocution!
You shoot an arrow.
The arrow hits Duvessa but does no damage.
Duvessa is severely wounded.
Duvessa completely misses you.
You shoot an arrow. The arrow hits Duvessa.
Duvessa is severely wounded.
Duvessa hits you with a +4 rapier of electrocution.
You are electrocuted!
Dowan gestures at you while chanting. The puff of frost hits you.
You feel a terrible chill! Dowan hits you but does no damage.
Duvessa says, "When magic and the sword combine, nothing stands against them."
Duvessa closely misses you.
You shoot an arrow. The arrow hits Duvessa.
Duvessa is almost dead.
Dowan hits you but does no damage.
Duvessa hits you with a +4 rapier of electrocution.
You shoot an arrow. The arrow barely misses Duvessa.
Duvessa hits you with a +4 rapier of electrocution.
You are electrocuted!
Dowan closely misses you.
4389 ||| READING 2 scrolls of teleportation.
As you read the scroll of teleportation, it crumbles to dust.
You feel strangely unstable.
Duvessa hits you with a +4 rapier of electrocution!
You die...

#..###### .......#
.......# ......+ ....
......### ....
.######........ ..#
.....$.ee...... ...
#..# #@# ###.# ##
#..# #.# ###.#.#
#.##..# #.# ...#.# #
#.##..# #.#
######.#.# #.#.##..#
#.# ..........
##.#.##..#######'##
.####..##
#....##..##.......#
..#.%..
#..#.##...........##
#.#.###
#........#........##.
#.#.# #


You could see Duvessa and Dowan.

Vanquished Creatures
  Grinder (D:2)
  Sigmund (D:3)
  A water moccasin (D:5)
  2 black bears (D:5)
  A sky beast (D:6)
  2 ogres (D:5)
  3 scorpions
  A bullfrog (D:6)
  3 bombardier beetles
  6 jellies
  A hound (D:6)
  An orc priest (D:5)
  An iguana (D:5)
  2 orc wizards (D:5)
  4 gnolls (D:6)
  12 adders
  A shadow imp (D:6)
  8 dart slugs
  2 ribbon worms
  7 orcs
  9 ball pythons
  14 endoplasms
  6 giant cockroaches
  7 goblins
  5 hobgoblins
  8 jackals (D:2)
  6 quokkas
  5 bats
  5 frilled lizards
  8 kobolds
  5 rats
138 creatures vanquished.

Vanquished Creatures (others)
  A ribbon worm (D:2)
1 creature vanquished.

Grand Total: 139 creatures vanquished

Notes
Turn   | Place    | Note
-------+----------+-------------------------------------------
     0 | D:1      | qw the Djinni Hunter began the quest for the Orb.
     0 | D:1      | Reached XP level 1. HP: 18/18 MP: 0/0
     0 | D:1      | 0 ||| qw: Version: 0.3-a-136-gdd3b4e8
     0 | D:1      | 0 ||| qw: Game counter: 1366
     0 | D:1      | 0 ||| qw: Melee chars always use a shield: true
     0 | D:1      | 0 ||| qw: God list: Okawaru
     0 | D:1      | 0 ||| qw: Allow faded altars: false
     0 | D:1      | 0 ||| qw: Do Orc after clearing Dungeon:15 true
     0 | D:1      | 0 ||| qw: Do second Lair branch before Depths: true
     0 | D:1      | 0 ||| qw: Lair rune preference: random
     0 | D:1      | 0 ||| qw: Goals: Normal
     0 | D:1      | 0 ||| PLANNING D:1-11
    37 | D:1      | Reached XP level 2. HP: 19/23 MP: 0/0
   275 | D:1      | Reached skill level 4 in Ranged Weapons
   275 | D:1      | Reached XP level 3. HP: 28/28 MP: 0/0
   275 | D:1      | Learned a level 1 spell: Sting
   312 | D:1      | Found a faded altar of an unknown god.
   522 | D:1      | 522 ||| UPGRADING to +0 helmet.
   527 | D:1      | 527 ||| READING scroll labelled AROUMI ERRUGO.
   528 | D:1      | 528 ||| READING 2 scrolls labelled IMOR UBONAAR.
   528 | D:1      | 528 ||| IDENTIFYING emerald potion
   529 | D:1      | 529 ||| READING scroll of identify.
   529 | D:1      | 529 ||| IDENTIFYING blue potion
   530 | D:1      | 530 ||| DROPPING scroll of butterflies.
   531 | D:1      | 531 ||| DROPPING potion of degeneration.
   555 | D:2      | 555 ||| STAIRDANCE
   558 | D:2      | 558 ||| RETREEEEATING.
   618 | D:2      | Reached XP level 4. HP: 29/34 MP: 0/0
   621 | D:2      | Reached skill level 3 in Fighting
   712 | D:2      | Reached skill level 3 in Dodging
   870 | D:2      | HP: 7/35 [ribbon worm (6)]
   989 | D:2      | Reached XP level 5. HP: 40/40 MP: 0/0
   989 | D:2      | Learned a level 2 spell: Blink
  1270 | D:2      | 1270 ||| UPGRADING to ring of see invisible.
  1271 | D:2      | 1271 ||| READING 2 scrolls of identify.
  1271 | D:2      | 1271 ||| IDENTIFYING grey potion
  1272 | D:2      | 1272 ||| READING scroll of identify.
  1272 | D:2      | 1272 ||| IDENTIFYING lumpy silvery potion
  1273 | D:2      | 1273 ||| READING scroll labelled REINLITIDGH.
  1274 | D:2      | 1274 ||| READING scroll labelled CAQIYCZACS.
  1275 | D:2      | 1275 ||| READING scroll labelled JOEKHL GAOGU.
  1275 | D:2      | 1275 ||| ENCHANTING +0 shortbow.
  1276 | D:2      | 1276 ||| READING scroll labelled FIARHESKASM.
  1377 | D:2      | 1377 ||| READING scroll labelled HAQUSE CUSIREI.
  1383 | D:3      | Noticed Grinder
  1384 | D:3      | 1384 ||| STAIRDANCE
  1388 | D:3      | 1388 ||| STAIRDANCE
  1395 | D:3      | 1395 ||| STAIRDANCE
  1431 | D:3      | 1431 ||| STAIRDANCE
  1440 | D:2      | 1440 ||| FLEEEEING.
  1441 | D:2      | 1441 ||| FLEEEEING.
  1442 | D:2      | 1442 ||| FLEEEEING.
  1443 | D:2      | 1443 ||| FLEEEEING.
  1444 | D:2      | 1444 ||| FLEEEEING.
  1445 | D:2      | 1445 ||| FLEEEEING.
  1446 | D:2      | 1446 ||| FLEEEEING.
  1447 | D:2      | 1447 ||| FLEEEEING.
  1448 | D:2      | 1448 ||| FLEEEEING.
  1449 | D:2      | 1449 ||| FLEEEEING.
  1450 | D:2      | 1450 ||| FLEEEEING.
  1451 | D:2      | 1451 ||| FLEEEEING.
  1452 | D:2      | 1452 ||| FLEEEEING.
  1474 | D:3      | 1474 ||| STAIRDANCE
  1476 | D:2      | 1476 ||| FLEEEEING.
  1477 | D:2      | 1477 ||| FLEEEEING.
  1478 | D:2      | 1478 ||| FLEEEEING.
  1479 | D:2      | 1479 ||| FLEEEEING.
  1479 | D:2      | Paralysed by Grinder for 2 turns
  1481 | D:2      | 1481 ||| FLEEEEING.
  1482 | D:2      | 1482 ||| FLEEEEING.
  1483 | D:2      | 1483 ||| FLEEEEING.
  1484 | D:2      | 1484 ||| FLEEEEING.
  1485 | D:2      | 1485 ||| FLEEEEING.
  1486 | D:2      | 1486 ||| FLEEEEING.
  1487 | D:2      | 1487 ||| FLEEEEING.
  1488 | D:2      | 1488 ||| FLEEEEING.
  1489 | D:2      | 1489 ||| FLEEEEING.
  1490 | D:2      | 1490 ||| FLEEEEING.
  1491 | D:2      | 1491 ||| FLEEEEING.
  1492 | D:2      | 1492 ||| FLEEEEING.
  1518 | D:2      | 1518 ||| FLEEEEING.
  1519 | D:2      | 1519 ||| FLEEEEING.
  1520 | D:2      | 1520 ||| FLEEEEING.
  1521 | D:2      | 1521 ||| FLEEEEING.
  1522 | D:2      | 1522 ||| FLEEEEING.
  1523 | D:2      | 1523 ||| FLEEEEING.
  1524 | D:2      | 1524 ||| FLEEEEING.
  1525 | D:2      | 1525 ||| FLEEEEING.
  1526 | D:2      | 1526 ||| FLEEEEING.
  1527 | D:2      | 1527 ||| FLEEEEING.
  1528 | D:2      | 1528 ||| FLEEEEING.
  1529 | D:2      | 1529 ||| FLEEEEING.
  1530 | D:2      | 1530 ||| FLEEEEING.
  1531 | D:2      | 1531 ||| FLEEEEING.
  1532 | D:2      | 1532 ||| FLEEEEING.
  1533 | D:2      | 1533 ||| FLEEEEING.
  1534 | D:2      | 1534 ||| FLEEEEING.
  1535 | D:2      | 1535 ||| FLEEEEING.
  1552 | D:2      | Paralysed by Grinder for 4 turns
  1568 | D:2      | Killed Grinder
  1569 | D:2      | Reached skill level 5 in Ranged Weapons
  1569 | D:2      | Reached XP level 6. HP: 23/46 MP: 0/0
  1789 | D:3      | Reached skill level 1 in Armour
  1809 | D:3      | Found Tyovu's Distillery.
  1817 | D:3      | 1817 ||| SHOPLISTING 2 potions of heal wounds (120 gold,
                  | have 118).
  1817 | D:3      | 1817 ||| BUYING potion of cancellation (96 gold).
  1817 | D:3      | Bought a potion of cancellation for 96 gold pieces
  1817 | D:3      | 1817 ||| SHOPLISTING potion of might (48 gold, have 22).
  1817 | D:3      | 1817 ||| SHOPLISTING potion of mutation (96 gold, have 22).
  1817 | D:3      | 1817 ||| SHOPLISTING potion of resistance (120 gold, have
                  | 22).
  1894 | D:3      | Reached XP level 7. HP: 50/50 MP: 0/0
  1894 | D:3      | Learned a level 2 spell: Mercury Vapours
  2035 | D:3      | Noticed Sigmund
  2041 | D:3      | Killed Sigmund
  2047 | D:3      | Found a glowing silver altar of Zin.
  2081 | D:3      | 2081 ||| UPGRADING to +0 cloak.
  2086 | D:3      | 2086 ||| UPGRADING to +5 ring of evasion.
  2087 | D:3      | 2087 ||| READING 2 scrolls of identify.
  2087 | D:3      | 2087 ||| IDENTIFYING fuming grey potion
  2088 | D:3      | 2088 ||| READING scroll of identify.
  2088 | D:3      | 2088 ||| IDENTIFYING dark potion
  2089 | D:3      | 2089 ||| READING 2 scrolls labelled PEIRAK YSIKHI.
  2092 | D:3      | 2092 ||| READING scroll labelled BOCRYESMU.
  2093 | D:3      | 2093 ||| DROPPING potion of attraction.
  2189 | D:4      | Found a staircase to the Ecumenical Temple.
  2190 | D:4      | 2190 ||| PLANNING TEMPLE
  2193 | D:4      | 2193 ||| READING scroll labelled RUUPHU PARA.
  2268 | Temple   | Entered the Ecumenical Temple
  2269 | Temple   | 2269 ||| PLANNING OKAWARU WORSHIP
  2277 | Temple   | Became a worshipper of Warmaster Okawaru
  2278 | Temple   | 2278 ||| PLANNING D:1-11
  2300 | D:4      | Found a shadowy altar of Dithmenos.
  2730 | D:4      | 2730 ||| UPGRADING to +0 ring mail.
  2740 | D:4      | 2740 ||| DROPPING +0 leather armour.
  2741 | D:4      | 2741 ||| UPGRADING to amulet of faith.
  2746 | D:4      | 2746 ||| READING scroll of identify.
  2746 | D:4      | 2746 ||| IDENTIFYING 2 glowing golden potions
  2747 | D:4      | 2747 ||| READING scroll labelled ORHATH WUGUDA.
  2748 | D:4      | 2748 ||| DROPPING 2 potions of ambrosia.
  2758 | D:5      | Entered Level 5 of the Dungeon
  2802 | D:5      | Reached skill level 6 in Ranged Weapons
  2843 | D:5      | Found a snail-covered altar of Cheibriados.
  2870 | D:5      | Reached * piety under Okawaru
  2871 | D:5      | Reached XP level 8. HP: 55/58 MP: 0/0
  2935 | D:5      | Reached skill level 1 in Invocations
  3092 | D:5      | Found a white marble altar of Elyvilon.
  3174 | D:5      | 3174 ||| INVOKING Heroism.
  3349 | D:5      | Found a hazy altar of Hepliaklqana.
  3350 | D:5      | Found an opulent altar of Gozag.
  3386 | D:5      | 3386 ||| DRINKING 2 potions of curing.
  3386 | D:5      | 3386 ||| (to cure confusion)
  3389 | D:5      | Reached skill level 3 in Invocations
  3402 | D:5      | 3402 ||| FLEEEEING.
  3405 | D:5      | 3405 ||| FLEEEEING.
  3406 | D:5      | 3406 ||| FLEEEEING.
  3407 | D:5      | 3407 ||| FLEEEEING.
  3408 | D:5      | 3408 ||| FLEEEEING.
  3409 | D:5      | 3409 ||| FLEEEEING.
  3410 | D:5      | 3410 ||| FLEEEEING.
  3411 | D:5      | 3411 ||| FLEEEEING.
  3412 | D:5      | 3412 ||| FLEEEEING.
  3855 | D:5      | 3855 ||| INVOKING Heroism.
  3856 | D:5      | Reached ** piety under Okawaru
  3861 | D:5      | Reached XP level 9. HP: 53/63 MP: 0/0
  3861 | D:5      | Learned a level 3 spell: Hailstorm
  3864 | D:5      | Reached skill level 7 in Ranged Weapons
  3921 | D:5      | 3921 ||| DROPPING +6 ring of intelligence.
  4375 | D:6      | Noticed Duvessa
  4379 | D:6      | Noticed Dowan
  4388 | D:6      | HP: 3/65 [Duvessa/+4 rapier of electrocution (15)]
  4389 | D:6      | 4389 ||| READING 2 scrolls of teleportation.
  4389 | D:6      | Slain by Duvessa

Levels and vault maps discovered:
D:1:      dpeg_arrival_simpleton_a, layout_rooms,
          dreamdust_ecumenical_altar_hidden_monk_grotto, serial_park_tiny_pond
D:2:      layout_rooms, minmay_cupped
D:3:      layout_rooms, mainiacjoe_overflow_paths, serial_shops,
          nicolae_shop_industrial_runoff, uniq_sigmund, uniq_grinder
D:4:      layout_loops_ring, mainiacjoe_overflow_small_starburst,
          minmay_temple_entry_mini_moons, minmay_misc_feat_hallway
D:5:      layout_basic, mainiacjoe_overflow_catwalk, slow_altar_1,
          nicolae_elyvilon_peaceful_grove, nicolae_overflow_two_pavilions,
          grunt_ministairs_5, guppyfry_early_orc_mine
D:6:      layout_basic, hangedman_abyss_or_decor_passed, uniq_duvessa
Temple:   nicolae_temple_bog_church

Skill      XL: |  1  2  3  4  5  6  7  8  9 |
---------------+----------------------------+-----
Ranged Weapons | 4 5 6 7 |  7.9
Fighting       | 3 4 5 |  5.0
Dodging        | 3 4 |  4.3
Armour         | 1 2 |  2.5
Invocations    | 4 |  4.0
Stealth        | |  0.7

Action                     |  1- 3 |  4- 6 |  7- 9 || total
---------------------------+-------+-------+-------++-------
  Melee: Unarmed           |       |     7 |       ||     7
   Fire: Shortbow          |    73 |   168 |   311 ||   552
 Invoke: Heroism           |       |       |     2 ||     2
    Use: Scroll            |     3 |     7 |     8 ||    18
         Potion            |       |       |     1 ||     1
 Armour: Leather armour    |    30 |    58 |     3 ||    91
         Ring mail         |       |       |    76 ||    76
  Dodge: Dodged            |    30 |    91 |   175 ||   296

Table legend:
 A = Non-vault XP
 B = Vault XP
 C = Vault XP percentage of total XP
 D = Non-vault monster count
 E = Vault monster count
 F = Vault count percentage of total count
                 A         B        C        D         E       F
            +---------+---------+-------+---------+---------+-------
      Total |    1820 |     841 |  31.6 |     124 |      15 |  10.8
            +---------+---------+-------+---------+---------+-------
        D:1 |      39 |       0 |   0.0 |      24 |       0 |   0.0
        D:2 |     144 |     291 |  66.9 |      38 |       4 |   9.5
        D:3 |      61 |     223 |  78.5 |      17 |       1 |   5.6
        D:4 |      98 |       0 |   0.0 |      18 |       0 |   0.0
        D:5 |     934 |     327 |  25.9 |      15 |      10 |  40.0
        D:6 |     544 |       0 |   0.0 |      12 |       0 |   0.0
            +---------+---------+-------+---------+---------+-------
